 Dungeon Crawl Stone Soup version 0.30-a0-1114-gd936c97349 (webtiles) character file.

Game seed: 10855962778878413626

86 cforsyth the Covered (level 4, 0/41 HPs)
             Began as a Demigod Fighter on Apr 20, 2023.
             Slain by Terence
             ... wielding a +0 flail
              (3 damage)
             ... on level 3 of the Dungeon.
             The game lasted 00:02:07 (1212 turns).

cforsyth the Covered (Demigod Fighter)              Turns: 1212, Time: 00:02:07

Health: 0/41       AC:  3    Str: 21    XL:     4   Next: 6%
Magic:  6/6        EV:  9    Int: 10    God:
Gold:   133        SH:  4    Dex: 13    Spells: 3/3 levels left

rFire   . . .      SeeInvis .    a - +0 flail
rCold   . . .      Faith    .    c - +0 buckler
rNeg    . . .      Spirit   .    b - +0 scale mail
rPois   .          Reflect  .    (no helmet)
rElec   .          Rampage  .    (no cloak)
rCorr   .                        (no gloves)
Will    .....                    (no boots) Stlth
                                 (no amulet)
HPRegen 0.26/turn                (no ring)
MPRegen 0.10/turn                (no ring)

@: no status effects
A: high MP 1, forlorn, divine attributes, deformed body, robust 1, screaming 1,
evolution 1
a: no special abilities


You were on level 3 of the Dungeon.
You visited 1 branch of the dungeon, and saw 3 of its levels.

You collected 133 gold pieces.

Inventory:

Hand Weapons
 a - a +0 flail (weapon)
Armour
 b - a +0 scale mail (worn)
 c - a +0 buckler (worn)
Jewellery
 p - an amulet of regeneration
Scrolls
 e - a scroll of teleportation {unknown}
 f - 3 scrolls of noise {unknown}
 g - 5 scrolls of identify {unknown}
 i - a scroll of fog {unknown}
 j - a scroll of amnesia {unknown}
 o - a scroll of immolation {unknown}
 q - a scroll of enchant weapon {unknown}
Potions
 d - a potion of might
 h - a potion of flight {unknown}
 l - a potion of degeneration {unknown}
 m - a potion of cancellation {unknown}
 n - a potion of attraction {unknown}


   Skills:
 + Level 3.3 Fighting
 + Level 2.6 Maces & Flails
 + Level 3.3 Armour
 + Level 3.2 Shields


You had 3 spell levels left.
You didn't know any spells.
Your spell library contained the following spells:

 Spells                   Type           Power      Damage    Failure   Level
 Apportation              Tloc           0%         N/A       80%         1
 Alistair's Intoxication  Tmut/Pois      0%         N/A       100%        5


Dungeon Overview and Level Annotations

Branches:
Dungeon (3/15)

Shops:
D:1 [

Annotations:
D:3 Terence


Innate Abilities, Weirdness & Mutations

You have an increased reservoir of magic. (+10% MP)
You shall have no god before yourself.
Your divine heritage dramatically boosts your attributes as you level up.
Armour fits poorly on your strangely shaped body.
You are robust. (+10% HP)
You occasionally shout uncontrollably at your foes.
You have hidden genetic potential.


Message History

Terence the Incautious comes into view.
He is wielding a +0 flail.
Terence shouts!
Terence is nearby!
Terence is nearby!
Terence hits you but does no damage.
You closely miss Terence. Terence hits you with a +0 flail. x2
You hit Terence.
Terence is lightly wounded.
Terence hits you with a +0 flail!
You are too injured to fight recklessly!
You are too injured to fight recklessly!
You are too injured to fight recklessly!
You are too injured to fight recklessly!
You are too injured to fight recklessly!
You are too injured to fight recklessly!
You are too injured to fight recklessly!
You barely miss Terence.
Terence is lightly wounded.
Terence hits you but does no damage.
You hit Terence.
Terence is moderately wounded.
Terence hits you with a +0 flail. x2
You hit Terence but do no damage.
Terence is moderately wounded.
Terence hits you with a +0 flail.
* * * LOW HITPOINT WARNING * * *
You hit Terence but do no damage.
Terence is moderately wounded.
Terence closely misses you.
You hit Terence but do no damage.
Terence is moderately wounded.
Terence hits you with a +0 flail!
* * * LOW HITPOINT WARNING * * *
Terence hits you but does no damage.
Unknown command.
It was a potion of mutation.
You feel extremely strange.
You feel a hidden potential growing inside you.
Your body twists and deforms.
You feel the urge to shout.
You feel robust. Terence hits you with a +0 flail.
You die...

#..# ####... #..####.....#
#..##..._.... #..##....._..
#..#......... #..#._..♣....
#..#.........
##+#######..<.._..._..
#...@@.......#.......#
.........####..###...###
.........####..#........
##....##.##....#.###....
...... #.##.#.##.##..##.
#.######....##.#.##.#...#..
#....<####.....#.##........
#####........###+##...##..#
#.........#......## #..


You could see Terence.

Vanquished Creatures
  3 adders
  A worm (D:2)
  4 dart slugs
  5 bats
  2 endoplasms (D:1)
  3 giant cockroaches
  8 goblins
  4 hobgoblins
  3 kobolds
  4 quokkas
  2 ball pythons (D:2)
  3 frilled lizards
  2 rats
44 creatures vanquished.

Notes
Turn   | Place    | Note
-------+----------+-------------------------------------------
     0 | D:1      | cforsyth the Demigod Fighter began the quest for the Orb.
     0 | D:1      | Reached XP level 1. HP: 18/18 MP: 3/3
    74 | D:1      | Reached XP level 2. HP: 19/25 MP: 4/4
   122 | D:1      | Found Rakhlips's Armour Emporium.
   537 | D:2      | Reached XP level 3. HP: 22/31 MP: 5/5
  1049 | D:3      | Reached XP level 4. HP: 29/38 MP: 6/6
  1201 | D:3      | Noticed Terence
  1212 | D:3      | Gained mutation: You have hidden genetic potential. [potion
                  | of mutation]
  1212 | D:3      | Gained mutation: Armour fits poorly on your strangely
                  | shaped body. [potion of mutation]
  1212 | D:3      | Gained mutation: You occasionally shout uncontrollably at
                  | your foes. [potion of mutation]
  1212 | D:3      | Gained mutation: You are robust. (+10% HP) [potion of
                  | mutation]
  1212 | D:3      | Slain by Terence

Illustrated notes

Levels and vault maps discovered:
D:1:      noname_arrival_rooms_in_the_neighbourhood, layout_rooms, serial_shops,
          nicolae_shop_tiny_real_fake_doors
D:2:      layout_rooms
D:3:      layout_basic, lemuel_round_altar, grunt_temple_overflow_open,
          skrybe_limestone_x, chequers_serial_rivers_micro_c,
          chequers_serial_rivers_micro_b, palyth_stone_intersect, uniq_terence

Skill      XL: |  1  2 |
---------------+-------+-----
Maces & Flails | 2 |  2.6
Fighting       | 3 |  3.3
Armour         | 3 |  3.3
Shields        | 3 |  3.2

Action                     |  1- 3 |  4- 6 || total
---------------------------+-------+-------++-------
  Melee: Flail             |   124 |     9 ||   133
    Use: Potion            |       |     1 ||     1
 Armour: Scale mail        |    49 |     3 ||    52
  Dodge: Dodged            |    68 |     1 ||    69
  Block: Buckler           |    25 |     1 ||    26

Table legend: (Time is in decaauts)
 A = Elapsed time spent in this place.
 B = Non-inter-level travel time spent in this place.
 C = Inter-level travel time spent in this place.
 D = Time resting spent in this place.
 E = Time spent auto-exploring this place.
 F = Levels seen in this place.
 G = Mean time per level.
                   A        B        C        D        E       F      G
               +--------+--------+--------+--------+--------+-----+--------+
         Total |   1256 |   1221 |     35 |      0 |    912 |   3 |  418.7 |
       Dungeon |   1256 |   1221 |     35 |      0 |    912 |   3 |  418.7 |
               +--------+--------+--------+--------+--------+-----+--------+

Top non-repeatable levels by time:
     D:1: 530 daAuts
     D:2: 513 daAuts
     D:3: 212 daAuts
